PAAA
SUNSET DISTRICT FOG @ CALGARY LYNX
08/30/2026
 
TOP OF THE 1ST
Sunset District Fog batting - Pitching for Calgary Lynx : LHP Gerardo Pagán
Pitching: LHP Gerardo Pagán
Batting: RHB Mariano Sánchez 0-0: Called Strike
0-1: Ball
1-1: Foul Ball, location: 2F
1-2: Foul Ball, location: 2F
1-2: Ball
2-2: Strikes out looking
Batting: RHB Manuel Rodríguez 0-0: Fly out, F8 (Flyball, 8RS)
Batting: RHB Ricardo Téllez 0-0: Ball
1-0: Foul Ball, location: 2F
1-1: Foul Ball, location: 2F
1-2: Ball
2-2: Ball
3-2: Strikes out swinging
Top of the 1st over - 0 run(s), 0 hit(s), 0 error(s), 0 left on base; Sunset District 0 - Calgary 0
BOTTOM OF THE 1ST
Calgary Lynx batting - Pitching for Sunset District Fog : RHP Dave Mitchell
Pitching: RHP Dave Mitchell
Batting: RHB Wilson Vega 0-0: Ground out 1-3 (Groundball, 15S)
Batting: LHB Daniel García 0-0: Ball
1-0: Ball
2-0: Foul Ball, location: 2F
2-1: Called Strike
2-2: Foul Ball, location: 2F
2-2: Ball
3-2: Strikes out looking
Batting: RHB Frank Grimes 0-0: Foul Ball, location: 2F
0-1: Ball
1-1: SINGLE (Line Drive, 89S)
Batting: RHB Jesús Martínez 0-0: Ball
1-0: Ball
2-0: Ball
3-0: Base on Balls
Frank Grimes to second
Batting: LHB Wilson Horton 0-0: Called Strike
0-1: Ball
1-1: Fielders Choice at 2nd, 4-6 (Groundball, 4)
Bottom of the 1st over - 0 run(s), 1 hit(s), 0 error(s), 1 left on base; Sunset District 0 - Calgary 0
TOP OF THE 2ND
Sunset District Fog batting - Pitching for Calgary Lynx : LHP Gerardo Pagán
Batting: LHB David Holbrook 0-0: Called Strike
0-1: Ball
1-1: Ball
2-1: Ball
3-1: Called Strike
3-2: Base on Balls
Batting: RHB José Vargas 0-0: Fielders Choice at 2nd, 6-4 (Groundball, 6)
Batting: LHB Bryce Reilly 0-0: Ball
1-0: Called Strike
1-1: Ground out 3-1 (Groundball, 34S)
José Vargas to second
Batting: RHB Bryant Skelly 0-0: Called Strike
0-1: Foul Ball, location: 2F
0-2: Fly out, F8 (Flyball, 8RD)
Top of the 2nd over - 0 run(s), 0 hit(s), 0 error(s), 1 left on base; Sunset District 0 - Calgary 0
BOTTOM OF THE 2ND
Calgary Lynx batting - Pitching for Sunset District Fog : RHP Dave Mitchell
Batting: RHB Dusty Childress 0-0: Called Strike
0-1: Swinging Strike
0-2: Strikes out swinging
Batting: RHB Gonzalo Sánchez 0-0: Ball
1-0: Ball
2-0: Foul Ball, location: 2F
2-1: Ball
3-1: Base on Balls
Batting: RHB Lytle Creek 0-0: Called Strike
0-1: Ball
1-1: Fly out, F8 (Flyball, 8RS)
Batting: RHB Pau Arria 0-0: Called Strike
0-1: Ball
Wild Pitch!
Gonzalo Sánchez to second
1-1: Ball
2-1: Foul Ball, location: 2F
2-2: Strikes out swinging
Bottom of the 2nd over - 0 run(s), 0 hit(s), 0 error(s), 1 left on base; Sunset District 0 - Calgary 0
TOP OF THE 3RD
Sunset District Fog batting - Pitching for Calgary Lynx : LHP Gerardo Pagán
Batting: LHB Pedro Tapia 0-0: Ball
1-0: Called Strike
1-1: Ball
2-1: SINGLE (Groundball, 6MD)
Batting: SHB Esteban Lugo 0-0: Ball
1-0: Called Strike
1-1: Foul Ball, location: 2F
1-2: Reached on error, E1 (Groundball, 13S)
Pedro Tapia to second
Batting: RHB Mariano Sánchez 0-0: Called Strike
0-1: Ball
1-1: Ball
2-1: Grounds into double play, 6-4-3 (Groundball, 6)
Pedro Tapia to third
Batting: RHB Manuel Rodríguez 0-0: Ball
1-0: Ball
2-0: Ground out 4-3 (Groundball, 4)
Top of the 3rd over - 0 run(s), 1 hit(s), 1 error(s), 1 left on base; Sunset District 0 - Calgary 0
BOTTOM OF THE 3RD
Calgary Lynx batting - Pitching for Sunset District Fog : RHP Dave Mitchell
Batting: RHB Wilson Vega 0-0: Called Strike
0-1: SINGLE (Groundball, 5D)
Batting: LHB Daniel García Pickoff Throw to First - Error! E1
Wilson Vega to second
0-0: Ball
Wilson Vega steals 3rd base
1-0: Swinging Strike
1-1: Swinging Strike
1-2: Reached on error, E4 (Groundball, 4)
Wilson Vega scores
Batting: RHB Frank Grimes 0-0: Ball
1-0: Ball
2-0: Called Strike
2-1: Ball
3-1: Foul Ball, location: 2F
3-2: Strikes out swinging
Daniel García steals 2nd base
Batter strikes out.
Batting: RHB Jesús Martínez 0-0: Foul Ball, location: 2F
0-1: Ball
1-1: SINGLE (Groundball, 4MD)
Daniel García to third
Runner from 3rd tries for Home, SAFE, no throw
Batting: LHB Wilson Horton 0-0: Fly out, F7 (Flyball, 78M)
Batting: RHB Dusty Childress 0-0: Called Strike
0-1: Ball
1-1: Ball
2-1: Fielders Choice at 2nd, 5-4 (Groundball, 5L)
Bottom of the 3rd over - 2 run(s), 2 hit(s), 2 error(s), 0 left on base; Sunset District 0 - Calgary 2
TOP OF THE 4TH
Sunset District Fog batting - Pitching for Calgary Lynx : LHP Gerardo Pagán
Batting: RHB Ricardo Téllez 0-0: Ball
1-0: Ground out 6-3 (Groundball, 56)
Batting: LHB David Holbrook 0-0: Ball
1-0: Ball
2-0: Called Strike
2-1: Foul Ball, location: 2F
2-2: SOLO HOME RUN (Flyball, 7D), Distance : 398 ft
Batting: RHB José Vargas 0-0: Fly out, F9 (Flyball, 89XD)
Batting: LHB Bryce Reilly 0-0: Called Strike
0-1: Ball
1-1: Foul Ball, location: 2F
1-2: Strikes out swinging
Top of the 4th over - 1 run(s), 1 hit(s), 0 error(s), 0 left on base; Sunset District 1 - Calgary 2
BOTTOM OF THE 4TH
Calgary Lynx batting - Pitching for Sunset District Fog : RHP Dave Mitchell
Batting: RHB Gonzalo Sánchez 0-0: Fly out, F9 (Flyball, 9S)
Batting: RHB Lytle Creek 0-0: Foul Ball, location: 2F
0-1: Ball
1-1: Ball
2-1: Foul Ball, location: 2F
2-2: Ball
3-2: Base on Balls
Batting: RHB Pau Arria 0-0: Ball
1-0: Swinging Strike
1-1: Ball
Lytle Creek steals 2nd base
2-1: Called Strike
2-2: Ball
3-2: Ground out 1-3 (Groundball, 13S)
Lytle Creek to third
Batting: RHB Wilson Vega 0-0: Called Strike
0-1: Ground out 6-3 (Groundball, 6)
Bottom of the 4th over - 0 run(s), 0 hit(s), 0 error(s), 1 left on base; Sunset District 1 - Calgary 2
TOP OF THE 5TH
Sunset District Fog batting - Pitching for Calgary Lynx : LHP Gerardo Pagán
Batting: RHB Bryant Skelly 0-0: Ground out 6-3 (Groundball, 6)
Batting: LHB Pedro Tapia 0-0: Ball
1-0: Fly out, F9 (Flyball, 89M)
Batting: SHB Esteban Lugo 0-0: Swinging Strike
0-1: Swinging Strike
0-2: Foul Ball, location: 2F
0-2: Strikes out swinging
Top of the 5th over - 0 run(s), 0 hit(s), 0 error(s), 0 left on base; Sunset District 1 - Calgary 2
BOTTOM OF THE 5TH
Calgary Lynx batting - Pitching for Sunset District Fog : RHP Dave Mitchell
Batting: LHB Daniel García 0-0: Called Strike
0-1: Called Strike
0-2: Strikes out swinging
Batting: RHB Frank Grimes 0-0: Called Strike
0-1: Ball
1-1: Swinging Strike
1-2: Foul Ball, location: 2F
1-2: Strikes out swinging
Batting: RHB Jesús Martínez 0-0: Ball
1-0: Ball
2-0: Called Strike
2-1: Foul Ball, location: 2F
2-2: Ball
3-2: Base on Balls
Batting: LHB Wilson Horton 0-0: Called Strike
0-1: Swinging Strike
0-2: Ball
1-2: Foul Ball, location: 2F
1-2: Fly out, F8 (Flyball, 8LS)
Bottom of the 5th over - 0 run(s), 0 hit(s), 0 error(s), 1 left on base; Sunset District 1 - Calgary 2
TOP OF THE 6TH
Sunset District Fog batting - Pitching for Calgary Lynx : LHP Gerardo Pagán
Batting: RHB Mariano Sánchez 0-0: Foul Ball, location: 2F
0-1: Fly out, F8 (Flyball, 89S)
Batting: RHB Manuel Rodríguez 0-0: Ground out 6-3 (Groundball, 6)
Batting: RHB Ricardo Téllez 0-0: Ground out 5-3 (Groundball, 5S)
Top of the 6th over - 0 run(s), 0 hit(s), 0 error(s), 0 left on base; Sunset District 1 - Calgary 2
BOTTOM OF THE 6TH
Calgary Lynx batting - Pitching for Sunset District Fog : RHP Dave Mitchell
Batting: RHB Dusty Childress 0-0: Fly out, F9 (Flyball, 9)
Batting: RHB Gonzalo Sánchez 0-0: Foul Ball, location: 2F
0-1: Foul Ball, location: 2F
0-2: Ball
1-2: DOUBLE (Line Drive, 7LS)
Batting: RHB Lytle Creek 0-0: Ball
1-0: Fly out, F9 (Flyball, 9LSF)
Pitching: RHP Ted Locke
Batting: RHB Pau Arria 0-0: Called Strike
0-1: Fly out, F6 (Popup, 6)
Bottom of the 6th over - 0 run(s), 1 hit(s), 0 error(s), 1 left on base; Sunset District 1 - Calgary 2
TOP OF THE 7TH
Sunset District Fog batting - Pitching for Calgary Lynx : LHP Gerardo Pagán
Batting: LHB David Holbrook 0-0: Ball
1-0: Called Strike
1-1: Ball
2-1: Ball
3-1: Base on Balls
Batting: RHB José Vargas 0-0: Called Strike
0-1: Ball
1-1: Ball
2-1: Fly out, F6 (Line Drive, 56)
Now at SS: Bass Reeves
Pinch Hitting: RHB Simon Yusaf Khel 0-0: Called Strike
0-1: Ball
1-1: Ground out 5-3 (Groundball, 5L)
David Holbrook to second
Pinch Hitting: RHB Rafael Durango 0-0: Called Strike
0-1: Ball
1-1: Ground out 6-3 (Groundball, 6MD)
Top of the 7th over - 0 run(s), 0 hit(s), 0 error(s), 1 left on base; Sunset District 1 - Calgary 2
BOTTOM OF THE 7TH
Calgary Lynx batting - Pitching for Sunset District Fog : RHP Ted Locke
Now at 1B: Albert Sánchez
Now in LF: Simon Yusaf Khel
Batting: RHB Bass Reeves 0-0: Fly out, F9 (Line Drive, 9)
Batting: LHB Daniel García 0-0: Ground out 4-3 (Groundball, 4)
Batting: RHB Frank Grimes 0-0: Fly out, F9 (Flyball, 9LM)
Bottom of the 7th over - 0 run(s), 0 hit(s), 0 error(s), 0 left on base; Sunset District 1 - Calgary 2
TOP OF THE 8TH
Sunset District Fog batting - Pitching for Calgary Lynx : LHP Gerardo Pagán
Batting: LHB Pedro Tapia 0-0: Foul Ball, location: 2F
0-1: Foul Ball, location: 2F
0-2: Strikes out swinging
Batting: SHB Esteban Lugo 0-0: Ball
1-0: Ball
2-0: Ball
3-0: Called Strike
3-1: Base on Balls
Batting: RHB Mariano Sánchez 0-0: Called Strike
0-1: Called Strike
0-2: Ball
1-2: Ball
2-2: Strikes out swinging
Batting: RHB Manuel Rodríguez 0-0: Swinging Strike
0-1: Ball
1-1: Ball
2-1: Foul Ball, location: 2F
2-2: Foul Ball, location: 2F
2-2: Fielders Choice at 2nd, 5-4 (Groundball, 56)
Top of the 8th over - 0 run(s), 0 hit(s), 0 error(s), 0 left on base; Sunset District 1 - Calgary 2
BOTTOM OF THE 8TH
Calgary Lynx batting - Pitching for Sunset District Fog : RHP Ted Locke
Batting: RHB Jesús Martínez 0-0: Ball
1-0: Fly out, F8 (Line Drive, 8LD)
Batting: LHB Wilson Horton 0-0: Ball
1-0: Fly out, F8 (Flyball, 8LM)
Batting: RHB Dusty Childress 0-0: Ball
1-0: Ground out 6-3 (Groundball, 6)
Bottom of the 8th over - 0 run(s), 0 hit(s), 0 error(s), 0 left on base; Sunset District 1 - Calgary 2
TOP OF THE 9TH
Sunset District Fog batting - Pitching for Calgary Lynx : LHP Gerardo Pagán
Pitching: RHP Jim Unknown
Batting: RHB Ricardo Téllez 0-0: Called Strike
0-1: Fly out, F9 (Flyball, 9D)
Batting: LHB David Holbrook 0-0: Foul Ball, location: 2F
0-1: Ball
1-1: DOUBLE (Line Drive, 78D)
Pinch Hitting: LHB Ron Frazier 0-0: Ball
1-0: Fly out, F6 (Popup, 6D)
Batting: RHB Simon Yusaf Khel 0-0: Ball
1-0: Called Strike
1-1: Ball
2-1: Called Strike
2-2: Ball
3-2: Base on Balls
Batting: SHB Albert Sánchez 0-0: Swinging Strike
0-1: Ball
1-1: Foul Ball, location: 2F
1-2: Strikes out swinging
Top of the 9th over - 0 run(s), 1 hit(s), 0 error(s), 2 left on base; Sunset District 1 - Calgary 2
Monday, March 20th, 2017 - OOTP Baseball 17.12 Build 75